 Dungeon Crawl Stone Soup version 0.30-a0-12-gd8047c6341 (webtiles) character file.

Game seed: 11279783114559720603

200763 Pooter the Executioner (level 18, -13/247 (252) HPs)
             Began as a Minotaur Berserker on Aug 22, 2022.
             Was an Elder of Trog.
             Mangled by Donald
             ... wielding a +3 vorpal long sword
              (24 damage)
             ... on level 2 of the Spider Nest on Aug 23, 2022.
             The game lasted 04:33:23 (51520 turns).

Pooter the Executioner (Minotaur Berserker)        Turns: 51520, Time: 04:33:23

HP:   -13/247 (252) AC: 30    Str: 32    XL:     18   Next: 28%
MP:   0/17          EV:  9    Int:  6    God:    Trog [****..]
Gold: 1709          SH:  0    Dex:  7    Spells: 17/17 levels left

rFire   + . .      SeeInvis .    a - +8 executioner's axe (flame)
rCold   + + +      Faith    .    (shield currently unavailable)
rNeg    . . .      Spirit   +    M - +7 plate armour
rPois   +          Reflect  .    (helmet restricted)
rElec   .          Harm     .    k - scarf {rC+ rF+}
rCorr   .          Rampage  .    v - +0 pair of gloves
Will    +....                    n - +1 pair of boots of Ivie {rC++ Dex-5}
Stlth   ..........               G - amulet of guardian spirit
HPRegen 0.51/turn                e - +6 ring of strength
MPRegen 0.15/turn                P - ring of poison resistance

@: berserking, lightly drained, very quick
A: horns 2, retaliatory headbutt, hooves 1, iridescent scales 2, passive freeze
a: Renounce Religion, Berserk, Trog's Hand, Brothers in Arms


You were on level 2 of the Spider Nest.
You worshipped Trog.
Trog was greatly pleased with you.
You visited 6 branches of the dungeon, and saw 28 of its levels.
You visited the Abyss 1 time.
You also visited: Bailey.

You collected 5144 gold pieces.
You spent 3435 gold pieces at shops.

Inventory:

Hand Weapons
 a - a +8 executioner's axe of flaming (weapon)
   (Trog gifted it to you on level 1 of the Elven Halls)
 b - a +2 arbalest of freezing
   (You took it off an orc warrior on level 1 of the Orcish Mines)
 o - the +4 battleaxe "Dragon's Peril" {freeze, +Blink rPois Will+ Int-4}
   (You acquired it on level 2 of the Elven Halls)

   It freezes those it strikes, dealing additional cold damage.
   It can also slow down cold-blooded creatures.
   Int:       It affects your intelligence (-4).
   rPois:     It protects you from poison.
   +Blink:    It lets you blink.
   Will:      It increases your willpower.
 y - the +9 flail "Izein" {protect, rN+ MP+9 Str-3 SInv}
   (You took it off a deep elf annihilator on level 3 of the Elven Halls)

   It grants its wielder temporary protection when it strikes (+7 to AC).
   Str:       It affects your strength (-3).
   rN:        It protects you from negative energy.
   MP:        It affects your magic capacity (+9).
   SInv:      It lets you see invisible.
 W - a +4 vampiric broad axe
   (You took it off an orc warlord in a bailey)
Missiles
 h - 4 curare-tipped darts
 l - 44 poisoned darts
 z - 4 javelins
 H - 4 atropa-tipped darts
 K - 39 boomerangs (quivered)
 V - 4 silver javelins
Armour
 k - a scarf of resistance (worn)
   (You found it on level 11 of the Dungeon)
 n - the +1 pair of boots of Ivie (worn) {rC++ Dex-5}
   (You bought it in a shop on level 1 of the Elven Halls)

   Dex:       It affects your dexterity (-5).
   rC:        It greatly protects you from cold.
 v - a +0 pair of gloves (worn)
   (You found it on level 1 of the Spider Nest)
 M - a +7 plate armour (worn)
   (You found it on level 7 of the Dungeon)
Jewellery
 e - a +6 ring of strength (left hand)
   (You found it on level 2 of the Lair of Beasts)
 q - a ring of willpower
   (You took it off a deep elf master archer on level 3 of the Elven Halls)
 C - a ring of resist corrosion
   (You took it off a deep elf high priest on level 3 of the Elven Halls)
 F - the ring "Ysoimn" {rF+ rN+}
   (You took it off a deep elf elementalist on level 3 of the Elven Halls)

   [ring of positive energy]

   rF:        It protects you from fire.
   rN:        It protects you from negative energy.
 G - an amulet of guardian spirit (around neck)
   (You found it on level 4 of the Dungeon)
 I - a ring of protection from cold
   (You found it on level 2 of the Dungeon)
 O - a +6 ring of dexterity
   (You found it on level 3 of the Lair of Beasts)
 P - a ring of poison resistance (right hand)
   (You found it on level 9 of the Dungeon)
 X - an amulet of reflection
   (You found it on level 2 of the Lair of Beasts)
 Z - a ring of flight
   (You found it on level 2 of the Lair of Beasts)
Wands
 d - a wand of iceblast (3)
   (You found it on level 9 of the Dungeon)
 f - a wand of flame (21)
   (You bought it in a shop on level 2 of the Orcish Mines)
 g - a wand of light (9)
   (You took it off an orc on level 7 of the Dungeon)
 D - a wand of digging (21)
   (You found it on level 4 of the Lair of Beasts)
 S - a wand of charming (4)
   (You bought it in a shop on level 1 of the Orcish Mines)
Scrolls
 c - 2 scrolls of noise {!r}
 i - 2 scrolls of silence
 m - 5 scrolls of magic mapping
 t - 12 scrolls of teleportation {@r4}
 A - 6 scrolls of fog
 B - a scroll of summoning
 J - 3 scrolls of immolation {!r}
 L - 2 scrolls of poison {!r}
 N - 2 scrolls of fear
Potions
 j - 5 potions of flight
 p - 5 potions of cancellation
 r - 3 potions of resistance
 s - 14 potions of curing {@q1}
 u - 6 potions of heal wounds {@q2}
 w - 4 potions of attraction {!q}
 x - 4 potions of haste {@q3}
 E - 5 potions of mutation {!q}
 R - 7 potions of lignification {!q}
Miscellaneous
 Q - a tin of tremorstones (2/2)
   (You found it on level 3 of the Elven Halls)
 T - a condenser vane (inert)
   (You found it in a bailey)


   Skills:
 + Level 16.9 Fighting
 * Level 21.4 Axes
 - Level 18.0 Ranged Weapons
 - Level 8.2 Throwing
 + Level 12.1 Armour
 - Level 5.7 Dodging
 - Level 4.2 Stealth
 - Level 9.4 Evocations


You had 17 spell levels left.
You didn't know any spells.
Your spell library was empty.

Dungeon Overview and Level Annotations

Branches:
Dungeon (15/15)            Temple (0/1) D:5            Lair (5/5) D:10
 Shoals (0/4) Lair:3       Spider (2/4) Lair:3        Slime (0/5) Lair:4
    Orc (2/2) D:11            Elf (3/3) Orc:2        Vaults (0/5) D:14
 Depths (1/4) D:15         Bailey (visited)

Altars:
Dithmenos
Elyvilon
Kikubaaqudgha
Makhleb
Nemelex Xobeh
Qazlal
Uskayaw
Vehumet
Wu Jian
The Shining One

Shops:
Orc:1 (*   Orc:2 *[*:   Elf:1 [*   Elf:2 *?

Annotations:
Spider:2 Donald
Elf:2 3 runed translucent doors


Innate Abilities, Weirdness & Mutations

You have a pair of horns on your head.
You reflexively headbutt those who attack you in melee.
You have large cloven feet.
You are mostly covered in iridescent scales. (AC +4)
A frigid envelope surrounds you and freezes all who hurt you.


Message History

The demonic crawler barely misses you. You furiously retaliate!
You headbutt the demonic crawler!
The demonic crawler hits you but does no damage.
The demonic crawler resists.
The demonic crawler is very cold.
You kill the demonic crawler!
Trog accepts your kill.
Donald hits you with a +3 vorpal long sword!
Donald is very cold.
You hit Donald. You burn Donald.
Donald says, "My uncle had bigger webs in his attic.
I hated that."
Donald hits you with a +3 vorpal long sword!!
Donald is very cold.
Donald blocks your attack. Donald barely misses you. You furiously retaliate!
You headbutt Donald, but do no damage.
Donald hits you with a +3 vorpal long sword.
Donald is very cold.
Donald blocks your attack.
You headbutt Donald.
Donald hits you with a +3 vorpal long sword!
Donald is very cold.
You closely miss Donald. Donald blocks your attack.
Donald hits you with a +3 vorpal long sword!!!
* * * LOW MAGIC WARNING * * *
* * * LOW HITPOINT WARNING * * *
* * * LOW MAGIC WARNING * * *
* * * LOW HITPOINT WARNING * * *
Donald is very cold.
Unknown command.
Donald blocks your attack.
You headbutt Donald!
Donald hits you with a +3 vorpal long sword!!
* * * LOW MAGIC WARNING * * *
* * * LOW HITPOINT WARNING * * *
* * * LOW HITPOINT WARNING * * *
Donald is very cold.
Donald blocks your attack. x2
Donald hits you with a +3 vorpal long sword!!
* * * LOW MAGIC WARNING * * *
* * * LOW HITPOINT WARNING * * *
* * * LOW HITPOINT WARNING * * *
Donald is very cold.
Donald says, "So, are you allowed to read books?"
Donald hits you with a +3 vorpal long sword.
* * * LOW HITPOINT WARNING * * *
* * * LOW HITPOINT WARNING * * *
Donald is very cold.
A red film seems to cover your vision as you go berserk!
You feel yourself moving faster!
You feel mighty!
Donald says, "Why would someone put a sword in a little box?"
Donald hits you with a +3 vorpal long sword!!
* * * LOW MAGIC WARNING * * *
You die...

### #### ###
##.#
.§§§^#########.#
##..#
.§§§..@........#
#..##
.§§§...@.##...##
#.##
.....^#####..##
.## #..## ##..##
.# # ##..## ##
#..## # ##.##
##..# #..##
##.##


You could see Donald (fast, strong, very poisoned).

Vanquished Creatures
  A bone dragon (Abyss:3)
  Jorgrun (D:12)
  Mlioglotl (Spider:1)
  2 deep elf master archers (Elf:3)
  A tentacled starspawn (Abyss:3)
  2 deep elf blademasters (Elf:3)
  Agnes (Spider:1)
  2 ghost moths
  4 deep elf sorcerers
  An orc warlord (Bailey)
  3 deep elf elementalists
  An ironbound preserver (D:14)
  A broodmother (Spider:2)
  A stone giant (D:15)
  6 deep elf demonologists
  A dire elephant (Lair:5)
  9 deep elf annihilators
  Azrael (Spider:1)
  3 deep elf death magi
  2 deep elf high priests (Elf:3)
  A rakshasa (D:12)
  Erolcha (D:11)
  3 boulder beetles
  An ogre mage (D:15)
  3 hydras
  2 jorogumos
  2 catoblepae (Lair:3)
  7 two-headed ogres
  4 centaur warriors
  16 dancing weapons
  11 death yaks
  An orc high priest (Orc:2)
  14 deep elf knights
  A wretched star (Abyss:3)
  2 spectral dire elephants (Lair:5)
  A large abomination (Abyss:3)
  A fire crab (D:9)
  A pharaoh ant (Spider:1)
  A spectral death yak (Lair:5)
  A spectral anaconda (Lair:5)
  2 steelbarb worms
  An obsidian statue (Lair:5)
  9 deep elf archers
  A wizard (Elf:1)
  An orc knight (D:14)
  4 necromancers (Lair:5)
  23 deep elf pyromancers
  25 deep elf zephyrmancers
  4 wolf spiders (Spider:2)
  6 orc sorcerers
  A moth of wrath (shapeshifter) (Elf:2)
  17 ugly things
  6 cyclopes
  3 manticores
  2 moths of wrath (Spider:2)
  14 elephants
  A guardian serpent (D:12)
  3 merfolk sirens (Lair:3)
  Joseph (D:7)
  7 black mambas
  A torpor snail (Lair:3)
  A gargoyle (D:12)
  8 cane toads
  A smoke demon (Abyss:3)
  A hellion (Abyss:3)
  7 komodo dragons
  A rime drake (shapeshifter) (D:14)
  3 demonic crawlers (Spider:2)
  7 kobold demonologists
  4 rime drakes
  A freezing wraith (D:15)
  A wind drake (shapeshifter) (D:14)
  9 meliai
  6 trolls
  An ancient zyme (Abyss:3)
  A merfolk (Lair:3)
  A wolf spider simulacrum (D:14)
  12 tarantellas
  3 polar bears
  A raiju (Abyss:3)
  5 slime creatures (D:13)
  5 blink frogs
  4 dream sheep (Lair:5)
  Prince Ribbit (D:7)
  A spectral elephant (Lair:5)
  11 starcursed masses (Abyss:3)
  3 air elementals (Elf:2)
  2 shadows
  A wraith (D:11)
  10 jumping spiders
  A small abomination (Abyss:3)
  2 ynoxinuls (Abyss:3)
  58 yaks
  6 water elementals
  8 culicivoras
  2 vampires
  Eustachio (D:5)
  5 wyverns
  3 steam dragons
  Grum (D:10)
  5 basilisks
  8 fire elementals
  A chaos spawn (Abyss:3)
  10 vampire mosquitoes
  A neqoxec (Abyss:3)
  18 redbacks
  2 spectral cane toads (Lair:5)
  2 acid dragons
  Duvessa (D:5)
  7 water moccasins
  4 wargs
  29 orc warriors
  A hell hound (Spider:1)
  3 sky beasts
  3 black bears
  An ice beast (D:5)
  2 boggarts (Elf:1)
  8 ogres
  6 wolves
  4 centaurs
  An elephant skeleton (Lair:5)
  2 phantoms
  3 kobold brigands
  2 necrophages
  11 bullfrogs
  2 gnoll sergeants (D:6)
  4 earth elementals
  6 scorpions
  8 wights
  Dowan (D:5)
  3 electric eels
  5 howler monkeys
  4 hounds
  9 jellies
  26 orc priests
  2 gnoll boudas
  An iron imp (Abyss:3)
  An iguana (D:5)
  33 orc wizards
  7 adders
  25 gnolls
  2 shadow imps
  A white imp (Abyss:3)
  4 ufetubi
  A worm (D:3)
  A dart slug (D:1)
  90 orcs
  6 ball pythons
  9 endoplasms
  5 giant cockroaches
  16 hobgoblins
  3 jackals (D:3)
  3 quokkas
  5 bats
  A frilled lizard (D:1)
  7 goblins
  24 kobolds
  4 rats
  2 butterflies (Lair:3)
  2 starspawn tentacles (Abyss:3)
907 creatures vanquished.

Vanquished Creatures (collateral kills)
  A tarantella (Spider:2)
  A redback (Spider:2)
  2 gnolls (D:5)
  A ball python (D:4)
5 creatures vanquished.

Vanquished Creatures (others)
  A radroach (Spider:2)
  3 two-headed ogres (D:15)
  A deep elf knight (Elf:2)
  A deep elf zephyrmancer (Elf:1)
  A kobold demonologist (D:13)
  24 fungi
  A lurking horror (Abyss:3)
  36 plants
  18 withered plants (Lair:5)
86 creatures vanquished.

Grand Total: 998 creatures vanquished

Notes
Turn   | Place    | Note
-------+----------+-------------------------------------------
     0 | D:1      | Pooter the Minotaur Berserker began the quest for the Orb.
     0 | D:1      | Reached XP level 1. HP: 19/19 MP: 0/0
   131 | D:1      | Reached skill level 4 in Axes
   259 | D:1      | Reached XP level 2. HP: 27/27 MP: 1/1
  1298 | D:2      | Reached skill level 1 in Ranged Weapons
  1298 | D:2      | Reached XP level 3. HP: 33/33 MP: 2/2
  1376 | D:2      | Reached ** piety under Trog
  1543 | D:2      | Identified the +2 robe "Foatsap" {+Blink rC++ Str-5 Int+4}
  1994 | D:3      | Found a sparkling altar of Nemelex Xobeh.
  2175 | D:3      | Reached XP level 4. HP: 40/40 MP: 3/3
  2547 | D:3      | Found a faded altar of an unknown god.
  2570 | D:3      | Reached skill level 5 in Axes
  3012 | D:4      | Found an ancient bone altar of Kikubaaqudgha.
  3139 | D:4      | Noticed a scorpion
  3144 | D:4      | Killed a scorpion
  3145 | D:4      | Reached XP level 5. HP: 47/47 MP: 4/4
  3413 | D:4      | Reached skill level 6 in Axes
  3617 | D:4      | Reached skill level 5 in Fighting
  3617 | D:4      | Reached XP level 6. HP: 50/56 MP: 5/5
  3907 | D:5      | Entered Level 5 of the Dungeon
  3910 | D:5      | Noticed Duvessa
  3910 | D:5      | Noticed Dowan
  3928 | D:5      | Killed Duvessa
  3929 | D:5      | Killed Dowan
  4163 | D:5      | Found a staircase to the Ecumenical Temple.
  4196 | D:5      | Reached XP level 7. HP: 43/61 MP: 3/6
  4385 | D:5      | Reached skill level 7 in Axes
  4387 | D:5      | Reached skill level 5 in Ranged Weapons
  4812 | D:5      | Noticed Eustachio
  4848 | D:5      | Killed Eustachio
  4849 | D:5      | Reached skill level 8 in Axes
  5061 | D:5      | Reached XP level 8. HP: 70/70 MP: 7/7
  5827 | D:6      | Reached skill level 9 in Axes
  6237 | D:6      | You fall into a shaft and drop 1 floor!
  6258 | D:7      | Reached *** piety under Trog
  6302 | D:7      | Noticed Prince Ribbit
  6336 | D:7      | Killed Prince Ribbit
  6337 | D:7      | Reached XP level 9. HP: 32/79 MP: 3/8
  6538 | D:7      | Reached skill level 10 in Axes
  6623 | D:6      | Found a shadowy altar of Dithmenos.
  7514 | D:7      | Noticed Joseph
  7520 | D:7      | Killed Joseph
  7521 | D:7      | Reached skill level 11 in Axes
  8367 | D:7      | Found a stormy altar of Qazlal.
  8371 | D:7      | Found an ornate altar of the Wu Jian Council.
  8554 | D:8      | Reached skill level 1 in Evocations
  8554 | D:8      | Reached XP level 10. HP: 90/90 MP: 9/9
  8691 | D:8      | Found a flagged portal.
  8700 | Bailey   | Entered a bailey
  8754 | Bailey   | Noticed an orc warlord
  8818 | Bailey   | Reached skill level 1 in Throwing
  8844 | Bailey   | Reached skill level 10 in Ranged Weapons
  8878 | Bailey   | Found a runed translucent gate.
  8879 | Bailey   | Found a runed translucent gate.
  8881 | Bailey   | Found a runed translucent gate.
  9026 | Bailey   | Killed an orc warlord
  9027 | Bailey   | Reached skill level 12 in Axes
  9269 | Bailey   | Acquired 1264 gold pieces
  9769 | D:8      | Reached XP level 11. HP: 90/97 MP: 5/10
  9781 | D:8      | Reached **** piety under Trog
 10148 | D:9      | Found a hide-covered altar of Uskayaw.
 10197 | D:9      | Found a white marble altar of Elyvilon.
 10399 | D:9      | Reached skill level 13 in Axes
 10627 | D:9      | Noticed a two-headed ogre
 10636 | D:9      | Killed a two-headed ogre
 10977 | D:9      | Found a transporter.
 10982 | D:9      | Noticed a fire crab
 11058 | D:9      | Reached skill level 10 in Fighting
 11320 | D:9      | Found a transporter.
 11553 | D:10     | Entered Level 10 of the Dungeon
 11608 | D:10     | Found a staircase to the Lair.
 12101 | D:10     | Noticed Grum
 12109 | D:10     | Killed Grum
 12334 | D:10     | Noticed a two-headed ogre
 12341 | D:10     | Killed a two-headed ogre
 12342 | D:10     | Reached skill level 14 in Axes
 12955 | Lair:1   | Entered Level 1 of the Lair of Beasts
 12990 | Lair:1   | You fall into a shaft and drop 1 floor!
 13438 | Lair:2   | Reached XP level 12. HP: 85/108 MP: 8/11
 13505 | Lair:2   | Reached skill level 5 in Evocations
 14472 | Lair:2   | Noticed a death yak
 14474 | Lair:2   | Noticed a death yak
 14474 | Lair:2   | Noticed a death yak
 14515 | Lair:2   | Noticed a death yak
 14519 | Lair:2   | Killed a death yak
 14522 | Lair:2   | Reached skill level 15 in Axes
 14523 | Lair:2   | Killed a death yak
 14526 | Lair:2   | Killed a death yak
 14530 | Lair:2   | Killed a death yak
 15218 | Lair:3   | Noticed a catoblepas
 15238 | Lair:3   | Killed a catoblepas
 15342 | Lair:3   | Noticed a catoblepas
 15354 | Lair:3   | Killed a catoblepas
 15730 | Lair:3   | Found a hole to the Spider Nest.
 15799 | Lair:3   | Found a staircase to the Shoals.
 16451 | Lair:4   | Reached skill level 16 in Axes
 16712 | Lair:4   | Noticed a death yak
 16715 | Lair:4   | Noticed a death yak
 16729 | Lair:3   | Killed a death yak
 16730 | Lair:3   | Reached XP level 13. HP: 78/117 MP: 8/12
 17578 | Lair:4   | Found a staircase to the Slime Pits.
 18907 | Lair:5   | Entered Level 5 of the Lair of Beasts
 19254 | Lair:5   | Reached skill level 15 in Ranged Weapons
 19479 | Lair:5   | Reached skill level 17 in Axes
 19949 | Lair:5   | Noticed a dire elephant
 20943 | Lair:5   | Reached XP level 14. HP: 99/126 MP: 9/13
 21060 | Lair:5   | Reached skill level 5 in Throwing
 23155 | D:11     | Found a staircase to the Orcish Mines.
 23164 | Orc:1    | Entered Level 1 of the Orcish Mines
 23351 | Orc:1    | Upgraded the game from 0.30-a0-4-ga7cffc901d to
                  | 0.30-a0-6-g7c9e10e132
 24942 | Orc:1    | Found Jequip's General Store.
 24950 | Orc:1    | Found Veafuocvufae's Antique Weapon Shoppe.
 24955 | Orc:1    | Bought a potion of attraction for 45 gold pieces
 24955 | Orc:1    | Bought a potion of curing for 45 gold pieces
 24955 | Orc:1    | Bought a scroll of blinking for 112 gold pieces
 24955 | Orc:1    | Bought a wand of charming (5) for 180 gold pieces
 24955 | Orc:1    | Bought a scroll of blinking for 112 gold pieces
 25585 | Orc:2    | Entered Level 2 of the Orcish Mines
 26086 | Orc:2    | Found a staircase to the Elven Halls.
 26203 | Orc:2    | Reached ***** piety under Trog
 26818 | Orc:2    | Received a gift from Trog
 27186 | Orc:2    | Reached skill level 18 in Axes
 29349 | Orc:2    | Found Jaux Pom's Assorted Antiques.
 29349 | Orc:2    | Found Bourytob's Assorted Antiques.
 29350 | Orc:2    | Found Kyulox's Book Boutique.
 29354 | Orc:2    | Found Hevye's Armour Shop.
 29357 | Orc:2    | Bought a potion of curing for 66 gold pieces
 29357 | Orc:2    | Bought a potion of curing for 66 gold pieces
 29357 | Orc:2    | Bought a scroll of identify for 44 gold pieces
 29357 | Orc:2    | Bought a silvery potion for 19 gold pieces
 29357 | Orc:2    | Bought a scroll of poison for 88 gold pieces
 29361 | Orc:2    | Bought an iron wand for 112 gold pieces
 29361 | Orc:2    | Bought a wand of charming (5) for 336 gold pieces
 29361 | Orc:2    | Bought a potion of mutation for 224 gold pieces
 29363 | Orc:2    | Bought a dented lapis lazuli amulet for 140 gold pieces
 29543 | D:11     | Noticed Erolcha
 29554 | D:11     | Killed Erolcha
 30596 | D:12     | Noticed Jorgrun
 30606 | D:12     | Killed Jorgrun
 30674 | D:12     | Noticed Nessos
 30677 | D:12     | Noticed Nessos
 30677 | D:12     | Nessos changed into Nessos the guardian serpent
 30685 | D:12     | Killed Nessos the guardian serpent
 31030 | D:12     | Found an ornate altar of the Wu Jian Council.
 32664 | D:14     | Reached skill level 5 in Armour
 32664 | D:14     | Reached XP level 15. HP: 137/137 MP: 14/14
 32823 | D:14     | Reached XP level 16. HP: 124/145 MP: 11/15
 33301 | D:14     | Found a gate to the Vaults.
 33370 | D:14     | Found a glowing golden altar of the Shining One.
 33411 | D:14     | Found a burning altar of Makhleb.
 33586 | D:15     | Entered Level 15 of the Dungeon
 33883 | D:15     | Found a radiant altar of Vehumet.
 34149 | D:15     | Reached skill level 1 in Stealth
 34574 | D:15     | Found a staircase to the Depths.
 35383 | D:9      | Identified the ring "Judumaba" {Ice rPois Dex-2 Stlth+}
 35918 | Depths:1 | Entered Level 1 of the Depths
 36502 | Elf:1    | Entered Level 1 of the Elven Halls
 37525 | Elf:1    | Found Paul's Antique Armour Emporium.
 37534 | Elf:1    | Bought a pair of transparent boots for 266 gold pieces
 37534 | Elf:1    | Identified the +1 pair of boots of Ivie {rC++ Dex-5} (You
                  | bought it in a shop on level 1 of the Elven Halls)
 37768 | Elf:1    | Received a gift from Trog
 38738 | Elf:1    | Found Vitat's Assorted Antiques.
 38743 | Elf:1    | Bought a scroll of enchant weapon for 225 gold pieces
 38770 | Abyss:3  | Cast into level 3 of the Abyss (a deep elf sorcerer)
 38816 | Abyss:3  | Noticed a bone dragon
 38830 | Abyss:3  | Killed a bone dragon
 38987 | Abyss:3  | Reached skill level 5 in Dodging
 39273 | Abyss:3  | Found a corrupted altar of Lugonu.
 39362 | Abyss:3  | Noticed a tentacled starspawn
 39367 | Abyss:3  | Killed a tentacled starspawn
 39370 | Elf:1    | Escaped the Abyss
 39868 | Elf:1    | Reached skill level 15 in Fighting
 39897 | Elf:1    | Reached XP level 17. HP: 47/156 MP: 16/16
 40218 | Elf:1    | Identified the +1 ring mail of Leapfrog {rPois Str+4 Int-2}
 40605 | Elf:2    | Paralysed by an air elemental for 1 turns
 40608 | Elf:2    | Paralysed by an air elemental for 1 turns
 41190 | Elf:2    | Found a runed translucent gate.
 41190 | Elf:2    | Found a runed translucent gate.
 41190 | Elf:2    | Found a runed translucent gate.
 41252 | Elf:2    | Found Xoedoq's Assorted Antiques.
 41262 | Elf:2    | Found Zoshus Datu's Magic Scroll Shoppe.
 41267 | Elf:2    | Bought a scroll of acquirement for 1040 gold pieces
 41268 | Elf:2    | Acquired the +4 battleaxe "Dragon's Peril" {freeze, +Blink
                  | rPois Will+ Int-4}
 41274 | Elf:2    | Bought a scroll of enchant weapon for 105 gold pieces
 41274 | Elf:2    | Bought a scroll of enchant weapon for 105 gold pieces
 41274 | Elf:2    | Bought a scroll of magic mapping for 105 gold pieces
 41664 | Elf:2    | Reached skill level 19 in Axes
 42063 | Elf:2    | Paralysed by an air elemental for 1 turns
 42065 | Elf:2    | Paralysed by an air elemental for 1 turns
 42138 | Elf:2    | Found an ancient bone altar of Kikubaaqudgha.
 42302 | Elf:3    | Entered Level 3 of the Elven Halls
 42656 | Elf:3    | Paralysed by an air elemental for 1 turns
 42707 | Elf:3    | Noticed a Hell Sentinel
 42943 | Elf:3    | Reached skill level 10 in Armour
 44013 | Elf:3    | Identified the ring "Ysoimn" {rF+ rN+}
 44947 | Elf:3    | Noticed a deep elf master archer
 45153 | Elf:3    | Killed a deep elf master archer
 45626 | Elf:3    | Reached skill level 20 in Axes
 45637 | Elf:3    | Noticed a deep elf blademaster
 45650 | Elf:3    | Killed a deep elf blademaster
 46330 | Elf:3    | Noticed a deep elf master archer
 46334 | Elf:3    | Killed a deep elf master archer
 46509 | Elf:3    | Upgraded the game from 0.30-a0-6-g7c9e10e132 to
                  | 0.30-a0-12-gd8047c6341
 46692 | Elf:3    | Identified the +11 quarterstaff "Xaih" {vorpal, Dex+3}
 46721 | Elf:3    | Noticed a deep elf blademaster
 46729 | Elf:3    | Killed a deep elf blademaster
 46824 | Elf:3    | Gained mutation: You have hidden genetic defects. [a
                  | neqoxec]
 47179 | Elf:3    | Found the +2 shield of Resistance {rF++ rC++ Will++}
 47189 | Elf:3    | Identified the +2 ring mail of Solemn Leaves {Str+5 Int+4
                  | Dex-3}
 47249 | Elf:3    | Identified the +9 flail "Izein" {protect, rN+ MP+9 Str-3
                  | SInv}
 47337 | Elf:3    | Identified the +9 sling "Tucs" {vorpal, Str+3}
 48797 | Spider:1 | Entered Level 1 of the Spider Nest
 48797 | Spider:1 | Noticed Azrael
 48799 | Spider:1 | Paralysed by a jorogumo for 1 turns
 48806 | Spider:1 | Killed Azrael
 48858 | Spider:1 | Reached XP level 18. HP: 121/168 MP: 0/17
 49815 | Spider:1 | Gained mutation: Your magical capacity is low. (-10% MP)
                  | [hidden defects]
 49825 | Spider:1 | Lost mutation: Your magical capacity is low. (-10% MP)
                  | [potion of mutation]
 49825 | Spider:1 | Lost mutation: You have hidden genetic defects. [potion of
                  | mutation]
 49825 | Spider:1 | Gained mutation: Your magical capacity is low. (-10% MP)
                  | [potion of mutation]
 49825 | Spider:1 | Gained mutation: You have large cloven feet. [potion of
                  | mutation]
 49825 | Spider:1 | Gained mutation: A frigid envelope surrounds you and
                  | freezes all who hurt you. [potion of mutation]
 49826 | Spider:1 | Lost mutation: Your magical capacity is low. (-10% MP)
                  | [potion of mutation]
 49826 | Spider:1 | Lost mutation: You have large cloven feet. [potion of
                  | mutation]
 49826 | Spider:1 | Gained mutation: You have large cloven feet. [potion of
                  | mutation]
 49826 | Spider:1 | Gained mutation: You are partially covered in iridescent
                  | scales. (AC +2) [potion of mutation]
 49826 | Spider:1 | Gained mutation: You are mostly covered in iridescent
                  | scales. (AC +4) [potion of mutation]
 49840 | Spider:1 | Noticed Mlioglotl
 49851 | Spider:1 | Killed Mlioglotl
 49930 | Spider:1 | Noticed Agnes
 49936 | Spider:1 | Killed Agnes
 49937 | Spider:1 | Reached skill level 21 in Axes
 51505 | Spider:2 | Noticed Donald
 51519 | Spider:2 | HP: 8/165 [Donald/+3 vorpal long sword (1)]
 51520 | Spider:2 | Mangled by Donald

Illustrated notes

Levels and vault maps discovered:
D:1:      lightli_arrival_isolated_outpost, layout_basic
D:2:      layout_loops_ring
D:3:      layout_loops_ring, mainiacjoe_overflow_chevrons,
          hellmonk_ecumenical_altar_lost_god, kennysheep_pointless_box
D:4:      layout_loops_ring, old_standard_altar, lemuel_old_faithful
D:5:      layout_basic, minmay_temple_entry_antechambers,
          grunt_decor_resistance, reono_crystal_passage, uniq_duvessa,
          uniq_eustachio
D:6:      layout_gridville, grunt_dithmenos_smoke, minmay_pentangle
D:7:      layout_basic, minitemple, st_stairs_11, uniq_joseph,
          uniq_prince_ribbit1
D:8:      layout_basic, enter_bailey_2, special_room [special_room_orc]
D:9:      gammafunk_wand_slinger, layout_loops_corners, elyvilon_altar_4,
          general_overflow_altar
D:10:     layout_basic, david_lair_generic, kennysheep_generic_room_13,
          uniq_grum
D:11:     layout_layer_cave, orc_0_dummy, uniq_erolcha
D:12:     layout_grid_maze, hangedman_decor_clover_reticule,
          pdpol_wu_jian_five_deadly_venoms, uniq_nessos, uniq_jorgrun
D:13:     layout_gridville
D:14:     layout_irregular_city, skrybe_vaults_entry_preservation,
          bloody_makhleb, tso_altar
D:15:     grunt_enter_depths_giant_problem, layout_basic,
          lemuel_coloured_pillars_altar, water_boxes_lemuel
Lair:1:   layout_roguey, serial_bayou_pond_e
Lair:2:   layout_gridlike
Lair:3:   layout_concentric_octagons, elwin_shoals_entry_stream,
          nicolae_spider_entry_tight_spaces, hibernation_bobbens,
          lemuel_fruit_fields
Lair:4:   layout_long_grid, nicolae_slime_entry_slimehenge, serial_bayou_pond_a
Lair:5:   due_jungle_book, layout_gridlike, serial_bayou, serial_bayou_shore_a,
          serial_bayou_shore_b, serial_bayou_pond_d, serial_bayou_lagoon_b,
          nicolae_volcano_entry_hallway
Spider:1: layout_spider_delve, uniq_mlioglotl, uniq_agnes, uniq_azrael
Spider:2: layout_cave_pods, beargit_elvish_explorers, uniq_donald
Orc:1:    layout_caves, guppyfry_orc_lava_fort
Orc:2:    st_orc_mages, layout_diamond_mine, mines1_david
Elf:1:    minmay_elf_arrival_plus, layout_loops_corners, serial_shops,
          nicolae_shop_hallway_stairs, nicolae_shop_behind_doors,
          hangedman_elf_disciples, fountainhead
Elf:2:    nicolae_elf_blades_splatter_lattice
          [nicolae_blade_entry_area_security], layout_geoelf_grid, basic_altar,
          minmay_shop_star
Elf:3:    elf_hall_gauntlet_narrow, layout_loops_ring, serial_sigils,
          serial_sigils_hangedman_gnaw, serial_sigils_hangedman_writhe,
          serial_sigils_hangedman_quiver, serial_sigils_hangedman_scar,
          serial_sigils_hangedman_clutch, nicolae_fountain_basement
Depths:1: layout_gridlike, nicolae_ru_the_path_less_chosen, hellmouth_3,
          cheibrodos_ashenzari_chains

Skill      XL: |  1  2  3  4  5  6  7  8  9 10 11 12 13 14 15 16 17 18 |
---------------+-------------------------------------------------------+-----
Axes           | 4 5 6 8 9 11 12 14 16 17 18 20 21 | 21.4
Fighting       | 4 5 6 7 8 9 10 11 12 13 15 16 | 16.9
Ranged Weapons | 1 2 3 4 6 8 9 11 12 14 15 17 18 | 18.0
Evocations     | 1 3 4 6 7 8 9 |  9.4
Throwing       | 2 4 6 8 |  8.2
Armour         | 5 6 8 11 12 | 12.1
Stealth        | 3 4 |  4.2
Dodging        | 5 |  5.7

Action                   |  1- 3 |  4- 6 |  7- 9 | 10-12 | 13-15 | 16-18 || total
-------------------------+-------+-------+-------+-------+-------+-------++-------
Melee: Hand axe          |    50 |       |       |       |       |       ||    50
       Headbutt          |     5 |    12 |    41 |   104 |   110 |   100 ||   372
       Punch             |     2 |       |     1 |     6 |     6 |     2 ||    17
       Flail             |     5 |    50 |    11 |       |       |    18 ||    84
       Trident           |       |       |   199 |    19 |       |       ||   218
       Whip              |       |       |    11 |       |       |       ||    11
       Broad axe         |       |       |       |   384 |   440 |   180 ||  1004
       War axe           |       |       |       |    32 |     9 |     8 ||    49
       Battleaxe         |       |       |       |    47 |       |       ||    47
       Executioner's axe |       |       |       |       |       |   392 ||   392
 Fire: Sling             |    61 |    39 |    22 |       |       |       ||   122
       Arbalest          |       |       |    49 |   143 |   323 |   268 ||   783
Throw: Dart              |       |     5 |     4 |       |    14 |     5 ||    28
       Javelin           |       |       |     3 |     4 |       |     9 ||    16
       Boomerang         |       |       |       |    14 |     6 |    61 ||    81
Invok: Berserk           |     2 |     4 |    14 |     9 |    12 |    28 ||    69
       Trog's Hand       |       |       |     8 |    23 |    21 |    48 ||   100
Evoke: Condenser vane    |       |       |       |     2 |       |     5 ||     7
       Wand              |       |       |       |     7 |     9 |    28 ||    44
  Use: Scroll            |     4 |     3 |     7 |    13 |    17 |    15 ||    59
       Potion            |       |       |       |     3 |     3 |    15 ||    21
 Stab: Distracted        |       |       |     1 |       |       |       ||     1
       Confused          |       |       |       |     4 |       |       ||     4
       Petrified         |       |       |       |     8 |       |       ||     8
       Invisible         |       |       |       |       |       |     5 ||     5
Armor: Animal skin       |     2 |       |       |       |       |       ||     2
       Chain mail        |    34 |    35 |   123 |       |       |       ||   192
       Plate armour      |       |       |    23 |   272 |   258 |   366 ||   919
Dodge: Dodged            |    33 |    31 |   100 |   148 |   166 |   220 ||   698
Block: Other             |       |       |       |       |       |    89 ||    89
       Reflection        |       |       |       |       |       |    20 ||    20

Table legend: (Time is in decaauts)
 A = Elapsed time spent in this place.
 B = Non-inter-level travel time spent in this place.
 C = Inter-level travel time spent in this place.
 D = Time resting spent in this place.
 E = Time spent auto-exploring this place.
 F = Levels seen in this place.
 G = Mean time per level.
                   A        B        C        D        E       F      G
               +--------+--------+--------+--------+--------+-----+--------+
         Total |  52235 |  49987 |   2248 |  23921 |  16868 |  30 | 1741.2 |
       Dungeon |  20444 |  19142 |   1302 |   5144 |  10791 |  15 | 1362.9 |
          Lair |   9720 |   9314 |    406 |   3914 |   3562 |   5 | 1944.0 |
   Spider Nest |   2709 |   2709 |      0 |   1841 |    526 |   2 | 1354.5 |
  Orcish Mines |   7487 |   7338 |    149 |   5704 |    679 |   2 | 3743.5 |
   Elven Halls |  10596 |  10207 |    389 |   6629 |   1257 |   3 | 3532.0 |
        Depths |      4 |      4 |      0 |      0 |      0 |   1 |    4.0 |
         Abyss |    607 |    607 |      0 |    411 |      0 |   1 |  607.0 |
        Bailey |    664 |    664 |      0 |    276 |     52 |   1 |  664.0 |
               +--------+--------+--------+--------+--------+-----+--------+

Top non-repeatable levels by time:
   Orc:2: 5037 daAuts
   Elf:3: 4807 daAuts
  Lair:5: 3462 daAuts
   Elf:2: 3254 daAuts
   Elf:1: 2534 daAuts
   Orc:1: 2450 daAuts
  Lair:3: 2133 daAuts
  Lair:4: 1941 daAuts
     D:5: 1926 daAuts
    D:11: 1815 daAuts
     D:6: 1764 daAuts
    D:15: 1762 daAuts
     D:9: 1682 daAuts
    D:10: 1573 daAuts
    D:12: 1508 daAuts
